 Dungeon Crawl Stone Soup version 0.29-a0-609-gb56f46d856 (webtiles) character file.

Game seed: 9722596116233906653

277 Nedwor the Cudgeller (level 6, -4/55 HPs)
             Began as a Minotaur Berserker on June 16, 2022.
             Was a Believer of Trog.
             Slain by a gnoll
             ... wielding a +0 spear
              (5 damage)
             ... on level 4 of the Dungeon.
             The game lasted 00:03:01 (2613 turns).

Nedwor the Cudgeller (Minotaur Berserker)           Turns: 2613, Time: 00:03:02

Health: -4/55      AC:  4    Str: 24    XL:     6   Next: 4%
Magic:  5/5        EV: 11    Int:  4    God:    Trog [**....]
Gold:   119        SH:  0    Dex:  9    Spells: 5/5 levels left

rFire   . . .      SeeInvis .   a - +0 mace
rCold   . . .      Faith    .   (no shield)
rNeg    . . .      Spirit   .   i - +0 ring mail
rPois   .          Reflect  .   (helmet restricted)
rElec   .          Harm     .   l - +0 cloak
rCorr   .          Rampage  .   (no gloves)
Will    .....                   h - +0 pair of boots
Stlth   ..........              (no amulet)
HPRegen 0.18/turn               (no ring)
MPRegen 0.09/turn               (no ring)

@: corroded, on berserk cooldown, slowed, very slow
A: horns 2, retaliatory headbutt
a: Renounce Religion, Berserk, Trog's Hand


You were on level 4 of the Dungeon.
You worshipped Trog.
Trog was pleased with you.
You visited 1 branch of the dungeon, and saw 4 of its levels.

You collected 119 gold pieces.

Inventory:

Hand Weapons
 a - a +0 mace (weapon)
Armour
 h - a +0 pair of boots (worn)
 i - a +0 ring mail (worn)
 l - a +0 cloak (worn)
Jewellery
 q - a +6 ring of dexterity
Wands
 k - a wand of digging (9)
Scrolls
 b - a scroll of teleportation {unknown}
 c - 2 scrolls of enchant armour {unknown}
 d - a scroll of summoning {unknown}
 f - 5 scrolls of identify {unknown}
 n - 3 scrolls of poison {unknown}
 o - a scroll of brand weapon {unknown}
 p - a scroll of enchant weapon {unknown}
Potions
 e - a potion of attraction {unknown}
 g - 2 potions of degeneration {unknown}
 j - 3 potions of curing {unknown}
 m - a potion of haste {unknown}


   Skills:
 + Level 4.9 Fighting
 * Level 5.9 Maces & Flails
 + Level 4.0 Armour
 + Level 3.6 Dodging


You had 5 spell levels left.
You didn't know any spells.
Your spell library was empty.

Dungeon Overview and Level Annotations

Branches:
Dungeon (4/15)
 Temple: D:4-7

Altars:

Shops:
D:3 (   D:4 *


Innate Abilities, Weirdness & Mutations

You have a pair of horns on your head.
You reflexively headbutt those who attack you in melee.


Message History

The gnoll hits you but does no damage. The gnoll misses you.
The gnoll hits you but does no damage.
The gnoll hits you from afar with a +0 spear.
The gnoll hits you from afar with a +0 spear!
The gnoll hits you from afar with a +0 spear.
The gnoll hits you but does no damage. The gnoll closely misses you.
You see here a hobgoblin corpse.
You barely miss the gnoll. You headbutt the gnoll!
You kill the gnoll!
Trog accepts your kill. The gnoll hits you with a +0 spear.
The gnoll hits you but does no damage.
An orc comes into view. It is wielding a +0 flail.
The gnoll barely misses you. x2; You furiously retaliate!
You headbutt the gnoll! The jelly hits you.
* * * LOW HITPOINT WARNING * * *
The acid corrodes you!
You are splashed with acid.
* * * LOW HITPOINT WARNING * * *
You completely miss the hobgoblin.
The orc shouts!
The gnoll closely misses you.
The gnoll hits you from afar with a +0 spear.
* * * LOW HITPOINT WARNING * * *
The hobgoblin closely misses you. The jelly barely misses you.
You furiously retaliate!
You headbutt the jelly. The jelly barely misses you. You furiously retaliate!
You headbutt the jelly.
A hobgoblin comes into view.
The gnoll barely misses you. The gnoll misses you.
The hobgoblin barely misses you.
The hobgoblin shouts!
You hit the hobgoblin but do no damage. The gnoll hits you with a +0 spear.
* * * LOW HITPOINT WARNING * * *
The gnoll hits you from afar with a +0 spear.
* * * LOW HITPOINT WARNING * * *
The hobgoblin closely misses you. The jelly misses you.
Unknown command.
You closely miss the hobgoblin. You headbutt the hobgoblin.
You kill the hobgoblin!
Trog accepts your kill. The gnoll hits you with a +0 spear.
You die...

...###...# #####
...##....###..<#
.............####
................##
.................#
#
.##.####.###.?...#
≈# ....#
#.........# ≈≈#
#####
#$........†#...#
#........†@)go.#
#.........Jg....g.
P♣♣♣P.≈≈.........#
P.bP≈≈..###....#
♣.♣♣PP...# ....#
P. ♣♣.P..# ...#
♣.♣### ...# .P ..#


You could see a jelly, 2 gnolls, an orc and a hobgoblin.

Vanquished Creatures
  A necrophage (D:3)
  A hound (D:4)
  2 iguanas (D:4)
  Jessica (D:2)
  A gnoll (D:4)
  3 adders (D:3)
  A worm (D:2)
  2 dart slugs
  3 bats
  3 endoplasms
  7 giant cockroaches
  6 hobgoblins
  6 jackals
  3 kobolds (D:1)
  2 quokkas
  8 ball pythons
  2 frilled lizards
  8 goblins
  10 rats
70 creatures vanquished.

Vanquished Creatures (others)
  An endoplasm (D:2)
  A frilled lizard (D:2)
  A rat (D:2)
  5 fungi (D:4)
8 creatures vanquished.

Grand Total: 78 creatures vanquished

Notes
Turn   | Place    | Note
-------+----------+-------------------------------------------
     0 | D:1      | Nedwor the Minotaur Berserker began the quest for the Orb.
     0 | D:1      | Reached XP level 1. HP: 19/19 MP: 0/0
   248 | D:1      | Reached XP level 2. HP: 18/27 MP: 1/1
   251 | D:1      | Reached skill level 4 in Maces & Flails
   377 | D:1      | Found a faded altar of an unknown god.
   902 | D:2      | Reached ** piety under Trog
   903 | D:2      | Reached XP level 3. HP: 33/33 MP: 2/2
  1256 | D:2      | Noticed Jessica
  1270 | D:2      | Killed Jessica
  1271 | D:2      | Reached XP level 4. HP: 29/40 MP: 3/3
  2096 | D:3      | Found Pamekior's Weapon Boutique.
  2124 | D:3      | Noticed a necrophage
  2135 | D:3      | Killed a necrophage
  2136 | D:3      | Reached skill level 5 in Maces & Flails
  2136 | D:3      | Reached XP level 5. HP: 41/47 MP: 4/4
  2484 | D:4      | Found Ikkefuad's General Store.
  2607 | D:4      | Reached XP level 6. HP: 50/55 MP: 5/5
  2612 | D:4      | HP: 1/55 [gnoll/+0 spear (4)]
  2613 | D:4      | Slain by a gnoll

Illustrated notes

Levels and vault maps discovered:
D:1:      dpeg_arrival_rooms_with_view, layout_rooms,
          hellmonk_ecumenical_altar_prayer_group, minmay_pentomino_u2
D:2:      layout_rooms, moated_statue, lemuel_old_faithful, uniq_jessica
D:3:      layout_loops_ring, serial_shops, shop
D:4:      layout_basic, riverfiend_overflow_shadow_ancestor,
          nicolae_elyvilon_peaceful_grove, mainiacjoe_overflow_chevrons,
          portal_sewer_entry_f, serial_shops, nicolae_stop_n_shop_1,
          uniq_duvessa

Skill      XL: |  1  2  3  4  5 |
---------------+----------------+-----
Maces & Flails | 4 5 |  5.9
Fighting       | 4 |  4.9
Armour         | 3 4 |  4.0
Dodging        | 3 |  3.6

Action                   |  1- 3 |  4- 6 || total
-------------------------+-------+-------++-------
Melee: Mace              |    73 |    63 ||   136
       Headbutt          |    11 |    12 ||    23
       Punch             |     2 |       ||     2
Invok: Berserk           |     1 |     2 ||     3
Armor: Animal skin       |    10 |       ||    10
       Ring mail         |    18 |    34 ||    52
Dodge: Dodged            |    66 |    60 ||   126

Table legend: (Time is in decaauts)
 A = Elapsed time spent in this place.
 B = Non-inter-level travel time spent in this place.
 C = Inter-level travel time spent in this place.
 D = Time resting spent in this place.
 E = Time spent auto-exploring this place.
 F = Levels seen in this place.
 G = Mean time per level.
                   A        B        C        D        E       F      G
               +--------+--------+--------+--------+--------+-----+--------+
         Total |   2651 |   2548 |    103 |    323 |   1828 |   4 |  662.8 |
       Dungeon |   2651 |   2548 |    103 |    323 |   1828 |   4 |  662.8 |
               +--------+--------+--------+--------+--------+-----+--------+

Top non-repeatable levels by time:
     D:1: 908 daAuts
     D:3: 801 daAuts
     D:2: 801 daAuts
     D:4: 139 daAuts
